Map: Oxide LE

Players

Osiris

  • Race: Terran Terran
  • League: Master
  • Spawn Location: 1:00

Bundo - Winner!

  • Race: Terran Terran
  • League: Diamond
  • Spawn Location: 7:00

VOD

Have the link to the VOD?

Description

Time

  • Played on: March 12, 2021, 1:22 p.m.
  • Length: 10:25
Show
View Real Time Build Order
Export as new Build Order

Osiris Terran 

Build Orders:  

Get SALT Encoding   

  12  0:00  SCV  
  13  0:12  SCV  
  14  0:17  Supply Depot  
  14  0:24  SCV  
  15  0:38  SCV  
  15  0:40  Barracks  
  16  0:43  Refinery  
  16  0:50  SCV  
  16  0:52  Refinery  
  17  1:02  SCV  
  18  1:15  SCV  
  19  1:27  Reaper, Orbital Command  
  20  1:40  Factory  
  20  1:48  Supply Depot  
  20  1:55  SCV  
  20  1:59  Reaper  
  22  2:09  SCV  
  23  2:31  Reaper  
  23  2:33  Hellion  
  23  2:34  Command Center  
  25  2:40  SCV  
  25  2:43  Supply Depot  
  26  2:52  Starport, SCV  
  26  2:55  Hellion  
  29  3:06  Barracks Tech Lab  
  28  3:17  SCV  
  28  3:19  Factory Tech Lab  
  29  3:30  SCV  
  30  3:42  Cyclone, SCV  
  30  3:46  SCV  
  30  3:48  Refinery  
  29  4:12  Orbital Command  
  29  4:13  SCV  
  30  4:20  Command Center  
  30  4:22  Refinery  
  30  4:25  SCV  
  30  4:29  Raven  
  30  4:30  Barracks  
  30  4:31  Barracks  
  33  4:38  SCV, Bunker  
  33  4:39  SCV  
  33  4:44  Barracks Reactor  
  35  4:50  SCV  
  35  4:51  SCV  
  37  5:06  Siege Tank  
  40  5:23  Raven  
  40  5:24  Marine x2  
  40  5:25  Barracks Tech Lab  
  40  5:27  SCV  
  40  5:28  SCV  
  46  5:33  Orbital Command  
  46  5:38  Siege Tank  
  46  5:39  SCV  
  48  5:45  SCV  
  49  5:51  Marine x2  
  49  5:53  Barracks Reactor  
  49  5:55  SCV  
  52  5:57  SCV  
  52  6:01  Marine, Stimpack, Barracks Reactor  
  54  6:09  SCV  
  54  6:10  SCV  
  56  6:19  Siege Tank  
  56  6:21  SCV  
  60  6:26  Viking  
  60  6:27  Barracks Reactor  
  60  6:30  SCV  
  63  6:33  SCV  
  63  6:36  Marine, Supply Depot  
  63  6:37  Supply Depot  
  63  6:38  Viking  
  63  6:39  Marine x2  
  69  6:57  Marine  
  69  6:58  Viking, SCV x3, Siege Tank  
  69  6:59  Marine x2  
  80  7:01  Supply Depot  
  80  7:02  Supply Depot  
  80  7:03  Engineering Bay  
  80  7:05  Marine x2  
  80  7:06  Engineering Bay  
  82  7:10  SCV x2  
  82  7:15  Marine  
  84  7:17  Orbital Command  
  84  7:21  Viking  
  87  7:25  Supply Depot x2  
  87  7:27  Marine x3  
  87  7:28  Marine  
  81  7:44  Marauder  
  81  7:46  Marine x3  
  81  7:47  Viking, Marine, Siege Tank  
  86  7:53  SCV x2  
  86  7:54  Orbital Command  
  88  8:03  Viking  
  88  8:04  Marine x3  
  93  8:14  Marine x2  
  93  8:15  Terran Infantry Weapons Level 1  
  93  8:16  Terran Infantry Armor Level 1  
  95  8:21  Barracks x2, Siege Tank  
  95  8:22  Marine  
  95  8:25  SCV x2  
  101  8:27  Factory  
  101  8:31  Refinery  
  101  8:36  Supply Depot  
  101  8:37  SCV x2  
  101  8:38  SCV  
  101  8:39  Refinery  
  104  8:41  Viking  
  104  8:47  Marine x3  
  109  8:50  SCV  
  109  8:52  SCV  
  106  9:08  Marine x3  
  106  9:09  Marine x2, Barracks Reactor  
  110  9:20  Marine  
  111  9:25  Marine  
  111  9:26  Marine x2  
  111  9:29  SCV x2  
  111  9:40  Marine  
  111  9:42  Barracks Reactor  
  111  9:43  Siege Tank  
  115  9:47  Marine x2  
  115  9:51  Marine  
  118  9:53  Command Center  
  118  10:00  Marine x3  
Show
View Real Time Build Order
Export as new Build Order

Bundo Terran - Winner!

Build Orders: Liberator Opening, Reaper Expand 

Get SALT Encoding   

  12  0:00  SCV  
  13  0:12  SCV  
  14  0:17  Supply Depot  
  14  0:24  SCV  
  15  0:39  SCV  
  15  0:40  Barracks  
  16  0:44  Refinery  
  16  0:51  SCV  
  17  1:03  SCV  
  18  1:15  SCV  
  19  1:28  Reaper, Orbital Command  
  20  1:43  Command Center  
  20  1:54  SCV  
  21  1:58  Supply Depot  
  21  2:06  SCV  
  21  2:08  Factory  
  22  2:10  Marine  
  23  2:20  SCV, Refinery  
  23  2:33  SCV  
  24  2:38  Barracks Reactor  
  24  2:50  SCV  
  25  2:52  Hellion  
  25  2:53  Starport  
  25  2:55  Bunker  
  27  3:05  SCV  
  27  3:16  Marine x2  
  27  3:17  Factory Tech Lab  
  27  3:19  SCV  
  30  3:20  Orbital Command  
  30  3:31  SCV  
  30  3:34  Marine x2  
  32  3:36  Liberator  
  36  3:43  SCV  
  36  3:48  SCV  
  38  4:02  SCV  
  38  4:03  Cyclone  
  38  4:04  Marine x2  
  38  4:07  SCV  
  44  4:15  SCV  
  45  4:20  SCV  
  45  4:23  Supply Depot  
  45  4:24  Supply Depot  
  46  4:29  Starport Reactor  
  46  4:36  Barracks x2, Barracks Tech Lab  
  46  4:45  SCV x2, Siege Tank  
  51  4:50  Engineering Bay  
  51  4:54  Supply Depot  
  51  4:57  SCV  
  52  5:00  Marine  
  52  5:01  Stimpack  
  52  5:04  SCV  
  54  5:08  Refinery  
  54  5:13  SCV  
  55  5:16  SCV  
  55  5:17  Siege Tank  
  59  5:22  Starport Reactor, Supply Depot  
  59  5:30  Terran Infantry Weapons Level 1  
  59  5:34  Supply Depot  
  59  5:39  Marine x2, SCV x2  
  59  5:40  Marine x3  
  63  5:50  Supply Depot  
  63  5:51  SCV x2  
  63  5:52  Siege Tank  
  68  6:00  Marine x3  
  68  6:03  SCV x2  
  73  6:04  Marine  
  73  6:06  Refinery  
  74  6:13  Marine  
  74  6:14  Supply Depot  
  74  6:15  SCV x2  
  74  6:17  Medivac  
  79  6:19  Medivac  
  79  6:21  Marine x2  
  79  6:25  Marine  
  84  6:27  Marine, SCV  
  84  6:31  Marine  
  87  6:33  Supply Depot  
  87  6:34  Siege Tank  
  87  6:37  SCV  
  91  6:42  Supply Depot  
  90  6:55  SCV x2  
  90  6:56  Marine x3  
  90  7:00  Medivac  
  97  7:02  Medivac  
  97  7:05  Command Center  
  97  7:07  SCV, Supply Depot  
  100  7:19  SCV x2  
  100  7:21  Siege Tank  
  100  7:22  Marine x2  
  105  7:23  Marine  
  105  7:24  Terran Infantry Armor Level 1  
  105  7:26  Marine x2  
  94  7:48  Marine x5  
  87  7:53  Siege Tank  
  87  7:57  Barracks  
  84  7:59  Barracks, Armory  
  84  8:00  Engineering Bay, SCV x2  
  86  8:06  Medivac  
  89  8:12  Marine, SCV  
  89  8:13  Marine x3  
  93  8:21  Missile Turret  
  93  8:23  Missile Turret  
  93  8:24  Orbital Command  
  93  8:25  Siege Tank  
  96  8:29  SCV x2  
  98  8:41  Marine  
  98  8:42  Marine x2  
  98  8:43  Missile Turret x2  
  98  8:45  Combat Shield  
  98  8:47  Marine  
  98  8:48  Barracks Reactor  
  103  8:50  Barracks Reactor  
  103  8:51  SCV x3  
  105  8:57  Siege Tank  
  105  9:00  Medivac x2  
  107  9:03  SCV  
  107  9:08  Marine  
  107  9:09  Marine x4  
  110  9:18  SCV x2  
  98  9:29  Siege Tank  
  98  9:30  Marine x3, Medivac x2  
  98  9:31  Marine x6  
  104  9:37  Refinery  
  104  9:38  SCV x2  
  105  9:39  Refinery  
  105  9:48  Marine x4  
  105  9:50  Marine x5  
  114  10:02  SCV  
  114  10:03  SCV x2  
  114  10:06  Marine x2  
  119  10:07  Supply Depot  
  119  10:08  Supply Depot  
Tags
 
Add a new tag
Caveats
  • Supply blocks, unpowered buildings, or Contaminate may cause inaccurate times.
  • Supply counts are checked every 10 seconds.